 Dungeon Crawl Stone Soup version 0.28.0-43-g3370ac3207 (webtiles) character file.

Game seed: 9432103320163437036

1289 Cykl0x the Digger (level 8, -7/45 HPs)
             Began as a Gargoyle Earth Elementalist on Mar 23, 2022.
             Mangled by an orc warrior
             ... wielding a +0 battleaxe
              (13 damage)
             ... on level 5 of the Dungeon on Mar 24, 2022.
             The game lasted 00:15:57 (6953 turns).

Cykl0x the Digger (Gargoyle Earth Elementalist)     Turns: 6953, Time: 00:15:58

Health: -7/45      AC:  8    Str: 12    XL:     8   Next: 55%
Magic:  0/16       EV: 11    Int: 18    God:
Gold:   180        SH:  0    Dex: 10    Spells: 12/17 levels left

rFire   . . .      SeeInvis .   j - staff of conjuration
rCold   . . .      Faith    .   (no shield)
rNeg    + . .      Spirit   .   q - +0 leather armour
rPois   ∞          Reflect  .   (no helmet)
rElec   +          Harm     .   (no cloak)
rCorr   .          Rampage  .   (no gloves)
Will    .....                   (no boots)
Stlth   ++........              (no amulet)
HPRegen 0.15/turn               n - ring of wizardry
MPRegen 0.15/turn               (no ring)

@: no status effects
A: sickness immunity, AC +5, negative energy resistance 1, electricity
resistance, torment resistance 1, petrification resistance
a: no special abilities


You were on level 5 of the Dungeon.
You visited 1 branch of the dungeon, and saw 6 of its levels.

You collected 180 gold pieces.

Inventory:

Hand Weapons
 i - a +2 mace of holy wrath
Missiles
 c - 174 stones
Armour
 b - a +1 robe
 e - a +0 ring mail
 m - a +2 robe
 q - a +0 leather armour (worn)
Magical Staves
 j - a staff of conjuration (weapon)
Jewellery
 n - a ring of wizardry (left hand)
Wands
 a - a wand of paralysis (9)
 p - a wand of mindburst (10)
Scrolls
 f - a scroll of summoning
 g - a scroll of fear
Potions
 d - a potion of cancellation
 h - a potion of mutation {unknown}
 k - a potion of might
 l - a potion of berserk rage {unknown}
 o - a potion of ambrosia {unknown}


   Skills:
 * Level 2.7 Fighting
 + Level 0.6(1.1) Maces & Flails
 + Level 1.3(1.5) Staves
 + Level 0.3 Armour
 + Level 2.1 Dodging
 - Level 3.0 Stealth
 + Level 5.4 Spellcasting
 + Level 4.9 Conjurations
 - Level 0.7 Transmutations
 + Level 6.4 Earth Magic
 * Level 2.4 Evocations


You had 12 spell levels left.
You knew the following spells:

 Your Spells              Type           Power      Damage    Failure   Level
a - Sandblast             Erth           56%        2d13      1%          1
b - Stone Arrow           Conj/Erth      76%        3d11      1%          3
c - Magic Dart            Conj           100%       1d8       1%          1

Your spell library contained the following spells:

 Spells                   Type           Power      Damage    Failure   Level
 Passwall                 Tmut/Erth      14%        N/A       2%          2
 Call Imp                 Summ           4%         N/A       10%         2
 Mephitic Cloud           Conj/Pois/Air  16%        N/A       11%         3
 Petrify                  Tmut/Erth      17%        N/A       16%         4
 Dispersal                Tloc           2%         N/A       100%        6
 Disjunction              Tloc           2%         N/A       100%        8


Dungeon Overview and Level Annotations

Branches:
Dungeon (6/15)
 Temple: D:4-7

Altars:

Shops:
D:1 [[[[


Innate Abilities, Weirdness & Mutations

You are immune to sickness and miasma.
Your stone body is resilient. (AC +5)
You are immune to poison.
You resist negative energy. (rN+)
You are resistant to electric shocks. (rElec)
You are resistant to unholy torment.
You are immune to petrification.


Message History

The blast of sand hits something!
c - 175 stones Something hits you but does no damage.
Casting: Sandblast (safe; 1% risk of failure)
Confirm with . or Enter, or press ? or * to list all spells.
Aiming: Sandblast (safe; 1% risk of failure)
Press: ? - help, Shift-Dir - straight line, f/p - orc warrior
Aim: an orc warrior, wielding a +0 battleaxe and wearing a +0 plate armour (81% to hit)
The blast of sand hits something!
Reactivating autopickup.
You feel a bit more experienced.
c - 174 stones An orc comes into view. It is wielding a +0 club.
There is a stone staircase leading up here.
The orc warrior misses you.
You climb upwards.
There is a stone staircase leading down here.
You hit the orc warrior but do no damage.
You blast the orc warrior.
The orc warrior is lightly wounded.
The orc warrior hits you with a +0 battleaxe!
You hit the orc warrior but do no damage.
The orc warrior is lightly wounded.
The orc warrior hits you with a +0 battleaxe!
Unknown command.
Aiming: Mindburst
Press: ? - help, Shift-Dir - straight line, f - orc warrior
Aim: an orc warrior, wielding a +0 battleaxe and wearing a +0 plate armour (lightly wounded, chance to affect: 74%)
The orc warrior's mind is blasted!
The orc warrior closely misses you.
The orc warrior hits you with a +0 battleaxe!
* * * LOW HITPOINT WARNING * * *
Casting: Sandblast (safe; 1% risk of failure)
Confirm with . or Enter, or press ? or * to list all spells.
Aiming: Stone Arrow (safe; 1% risk of failure)
Press: ? - help, Shift-Dir - straight line, f/p - orc warrior
Aim: an orc warrior, wielding a +0 battleaxe and wearing a +0 plate armour (severely wounded, 74% to hit)
You feel a surge of power!
The stone arrow hits the orc warrior.
The orc warrior is severely wounded.
The orc warrior hits you with a +0 battleaxe!
You die...

..#.......###........#.##.....#.#
..##....[##...#..#####....#.#.#.#
..§#######.......# #...##.#....
..§#§§)..######.######.#.##.#...#
..§§§§<### #.###....#....#...#
§§§§#### #.....#####....[#.#
...## #..#### #..##.).# ...####
###.o# ##.###..# ......# ###...@#
#..# #..# ..###.#####...##.#
##.####).. ...##..##...####.##
##..###).## ...###...........)#
##..###..### ^..#
###..#####...####..####.####
...## #.## ##)).##..####......
.#..####.# ##.).#..<.....####
##≈.#≈...♣# ####...........##
#≈♣.#.≈≈#.♣###....#.......#.#


You could see an orc warrior.

Vanquished Creatures
  Duvessa (D:4)
  A sky beast (D:6)
  An ogre (D:4)
  A phantom (D:6)
  A kobold brigand (D:5)
  A bullfrog (D:6)
  A scorpion (D:5)
  A wyvern zombie (D:4)
  Dowan (D:4)
  A centaur zombie (D:5)
  A bullfrog zombie (D:5)
  A hound (D:4)
  3 orc priests
  A jelly (D:4)
  2 iguanas (D:5)
  4 orc wizards
  A hound zombie (D:5)
  A hound skeleton (D:5)
  5 adders
  A shadow imp (D:5)
  An ufetubus (D:5)
  An adder skeleton (D:4)
  4 worms
  4 dart slugs
  19 orcs
  7 endoplasms
  2 giant cockroaches
  10 goblins
  11 hobgoblins
  5 jackals
  22 kobolds
  5 quokkas
  9 ball pythons
  5 bats
  A frilled lizard (D:2)
  7 rats
143 creatures vanquished.

Notes
Turn   | Place    | Note
-------+----------+-------------------------------------------
     0 | D:1      | Cykl0x the Gargoyle Earth Elementalist began the quest for
                  | the Orb.
     0 | D:1      | Reached XP level 1. HP: 10/10 MP: 3/3
   177 | D:1      | Found Aqorghame's Armour Boutique.
   311 | D:1      | Reached XP level 2. HP: 15/15 MP: 3/5
   389 | D:1      | Reached skill level 4 in Earth Magic
   468 | D:1      | Reached skill level 1 in Conjurations
   522 | D:1      | Found a faded altar of an unknown god.
   621 | D:1      | Found Wurch's Armour Shoppe.
   647 | D:1      | Reached XP level 3. HP: 19/19 MP: 0/6
   651 | D:1      | Learned a level 3 spell: Stone Arrow
   906 | D:1      | Found Giorar's Antique Armour Shoppe.
  1146 | D:1      | Found Viet's Armour Shoppe.
  1794 | D:2      | Learned a level 1 spell: Magic Dart
  1956 | D:2      | Reached XP level 4. HP: 24/24 MP: 1/8
  2096 | D:1      | HP: 1/24 [orc/+0 flail (6)]
  3006 | D:3      | Reached XP level 5. HP: 28/28 MP: 2/10
  3443 | D:3      | Reached skill level 5 in Earth Magic
  4314 | D:4      | Noticed an ogre
  4319 | D:4      | Killed an ogre
  4320 | D:4      | Reached XP level 6. HP: 33/33 MP: 3/11
  4493 | D:4      | Noticed Duvessa
  4521 | D:4      | Killed Duvessa
  4522 | D:4      | Reached skill level 1 in Staves
  4522 | D:4      | Reached XP level 7. HP: 10/37 MP: 0/13
  5432 | D:4      | Reached skill level 1 in Fighting
  5552 | D:4      | Noticed Dowan
  5557 | D:4      | Killed Dowan
  5558 | D:4      | Reached skill level 1 in Evocations
  5726 | D:5      | Entered Level 5 of the Dungeon
  5917 | D:5      | Reached skill level 6 in Earth Magic
  6032 | D:5      | Reached XP level 8. HP: 44/44 MP: 9/15
  6085 | D:5      | Reached skill level 5 in Spellcasting
  6953 | D:5      | Mangled by an orc warrior

Illustrated notes

Levels and vault maps discovered:
D:1:      nagdon_arrival_double_spiral, layout_basic, serial_shops, shop,
          nicolae_shop_hallway_plus, shop, shop,
          shapermc_ecumenical_altar_ellora, lemuel_another_geyser
D:2:      layout_rooms, kennysheep_generic_room_4
D:3:      layout_basic
D:4:      layout_basic, uniq_duvessa
D:5:      layout_rooms, minmay_misc_feat_iff, grunt_ministairs_9,
          chequers_serial_rivers_marsh, minmay_tree_intersection
D:6:      layout_basic, mainiacjoe_overflow_alcove_2, amcnicky_altar_gilded,
          amethyst_overflow_temple_binary, minmay_temple_entry_offerings,
          uniq_grinder

Skill      XL: |  1  2  3  4  5  6  7  8 |
---------------+-------------------------+-----
Earth Magic    | 4 5 6 |  6.4
Conjurations   | 1 2 3 4 |  4.9
Spellcasting   | 3 4 5 |  5.4
Staves         | 1 |  1.3
Dodging        | 2 |  2.1
Stealth        | 3 |  3.0
Fighting       | 2 |  2.7
Evocations     | 1 2 |  2.4
Maces & Flails | |  0.6
Armour         | |  0.3
Transmutations | |  0.7

Action                   |  1- 3 |  4- 6 |  7- 9 || total
-------------------------+-------+-------+-------++-------
Melee: Whip              |    24 |    31 |       ||    55
       Punch             |     1 |     1 |     1 ||     3
       Staff             |       |    24 |    20 ||    44
 Cast: Sandblast         |    39 |    45 |    22 ||   106
       Stone Arrow       |    15 |    30 |    44 ||    89
       Magic Dart        |     5 |    30 |    47 ||    82
Evoke: Wand              |       |       |     1 ||     1
  Use: Scroll            |       |     7 |     3 ||    10
Armor: Robe              |     6 |    29 |     5 ||    40
       Leather armour    |       |       |     2 ||     2
Dodge: Dodged            |    22 |    58 |    16 ||    96
